 Dungeon Crawl Stone Soup version 0.22.0-2-ge58baed0e8 (webtiles) character file.

8574 Oravi the Destroyer (level 11, -2/67 HPs)
             Began as a Tengu Air Elementalist on Aug 13, 2018.
             Was a Believer of Vehumet.
             Slain by an eight-headed hydra (12 damage)
             ... on level 1 of the Lair of Beasts.
             The game lasted 01:31:06 (16550 turns).

Oravi the Destroyer (Tengu Air Elementalist)       Turns: 16550, Time: 01:31:07

Health: -2/67      AC:  7    Str:  9    XL:     11   Next: 33%
Magic:  14/32      EV: 16    Int: 22    God:    Vehumet [**....]
Gold:   77         SH:  0    Dex: 14    Spells: 11/25 levels left

rFire    + . .     SeeInvis +   m - +8 rapier "Ceyrph" {elec, Int+3}
rCold    . . .     Gourm    .   (no shield)
rNeg     . . .     Faith    .   n - +1 ring mail
rPois    +         Spirit   .   (helmet restricted)
rElec    +         Reflect  .   (no cloak)
rCorr    .         Harm     .   (no gloves)
MR       .....                  (boots unavailable)
Stlth    +.........             J - amulet of Biat Puw {RegenMP rElec rF+ SInv}
HPRegen  0.21/turn              C - ring of poison resistance
MPRegen  0.48/turn              H - ring of magical power

@: swift, flying quickly and evasively, very quick
A: beak, talons 3, able to fly 1
a: Renounce Religion


You were on level 1 of the Lair of Beasts.
You worshipped Vehumet.
Vehumet was pleased with you.
You were hungry.

You visited 3 branches of the dungeon, and saw 12 of its levels.
You also visited: Sewer and Ossuary.

You collected 532 gold pieces.
You spent 455 gold pieces at shops.

Inventory:

Hand Weapons
 d - a +0 short sword
 f - a +2 dagger of venom
 k - a +0 blowgun
 m - the +8 rapier "Ceyrph" (weapon) {elec, Int+3}
   (You found it on level 10 of the Dungeon)

   Occasionally, upon striking a foe, it will discharge some electrical energy
   and cause terrible harm.
   It affects your intelligence (+3).
 L - a +3 falchion of freezing
 N - a +0 spear of piercing
 P - a +0 whip of flaming
 S - a +4 scimitar of flaming
Missiles
 b - 30 poisoned needles
 j - 295 stones (quivered)
 v - 10 curare-tipped needles
 z - 7 tomahawks
 F - 5 javelins
Armour
 a - a +0 robe
 e - a +2 large shield
 n - a +1 ring mail (worn)
 I - a +0 shield
Jewellery
 h - an uncursed ring of protection from magic
 C - a ring of poison resistance (left hand)
 H - a ring of magical power (right hand)
 J - the amulet of Biat Puw (around neck) {RegenMP rElec rF+ SInv}
   (You acquired it on level 10 of the Dungeon)

   [amulet of magic regeneration]

   It increases your magic regeneration.
   It protects you from fire.
   It insulates you from electricity.
   It lets you see invisible.
 M - an uncursed amulet of the gourmand
Wands
 x - a wand of paralysis (15)
 y - a wand of enslavement (9)
 O - a wand of polymorph (11)
 R - a wand of scattershot (4)
 T - a wand of random effects (19)
 U - a wand of iceblast (3)
 W - a wand of acid (5)
Scrolls
 i - 4 scrolls of identify
 q - 5 scrolls of remove curse
 u - 6 scrolls of teleportation
 w - a scroll of enchant armour
 E - 4 scrolls of immolation
 G - 4 scrolls of enchant weapon
 Q - 2 scrolls of amnesia {unknown}
 V - a scroll of noise {unknown}
Potions
 g - 5 potions of brilliance
 l - 2 potions of might
 o - 3 potions of resistance
 r - 3 potions of magic
 s - 2 potions of haste
 t - 4 potions of curing
 A - a potion of lignification
 B - 2 potions of berserk rage
 D - 2 potions of mutation
 K - a potion of ambrosia {unknown}
Comestibles
 c - 12 rations
 p - 3 chunks of flesh


   Skills:
 - Level 7.4 Fighting
 - Level 5.7 Armour
 - Level 6.3 Dodging
 - Level 2.0 Stealth
 + Level 7.7 Spellcasting
 + Level 10.5 Conjurations
 * Level 7.0 Fire Magic
 - Level 6.0 Air Magic


You had 11 spell levels left.
You knew the following spells:

 Your Spells              Type           Power        Failure   Level  Hunger
a - Shock                 Conj/Air       ####         1%          1    None
b - Swiftness             Chrm/Air       ###.....     9%          2    None
c - Static Discharge      Conj/Air       #####...     1%          3    None
d - Fireball              Conj/Fire      #####.....   14%         5    #####..
e - Conjure Flame         Conj/Fire      #####...     1%          3    None

Your spell library contained the following spells:

 Spells                   Type           Power        Failure   Level  Hunger
 Lightning Bolt           Conj/Air       #####.....   17%         5    #####..
 Throw Flame              Conj/Fire      #####.       1%          2    None
 Sticky Flame             Conj/Fire      #####...     4%          4    ###....
 Airstrike                Air            ####......   16%         4    ###....
 Flame Tongue             Conj/Fire      #####        1%          1    None
 Inner Flame              Hex/Fire       ###.....     13%         3    None


Dungeon Overview and Level Annotations

Branches:
Dungeon (10/15)            Temple (1/1) D:7            Lair (1/6) D:9
    Orc: D:9-12

Altars:
Ashenzari
Cheibriados
Dithmenos
Elyvilon
Fedhas
Gozag
Hepliaklqana
Kikubaaqudgha
Makhleb
Nemelex Xobeh
Okawaru
Qazlal
Ru
Sif Muna
Trog
Uskayaw
Vehumet
Wu Jian
Xom
Yredelemnul
Zin
The Shining One

Shops:
D:5 :

Annotations:
D:9 Erolcha


Innate Abilities, Weirdness & Mutations

You have a beak for a mouth.
You have claws for feet.
You can fly.


Message History

Confirm with . or Enter, or press ? or * to list all spells.
Aiming: Fireball (slightly dangerous; 14% risk of failure)
Press: ? - help, Shift-Dir - straight line, p - eight-headed hydra The fireball explodes!
The fireball engulfs the eight-headed hydra.
The eight-headed hydra is severely wounded.
The eight-headed hydra bites you but does no damage.
The eight-headed hydra bites you!
The eight-headed hydra barely misses you.
The eight-headed hydra bites you!
* * * LOW HITPOINT WARNING * * *
The eight-headed hydra bites you but does no damage. x2
The eight-headed hydra bites you!
* * * LOW HITPOINT WARNING * * *
The eight-headed hydra bites you but does no damage.
Okay, then.
Casting: Fireball (slightly dangerous; 14% risk of failure)
Confirm with . or Enter, or press ? or * to list all spells.
You feel quick. The eight-headed hydra bites you!
You die...

..... . #..... .8..
###...r..
.....###?.......
...8.#..........
.(.... .........
..8...(##........
.......D@.##.....
#..#.#......####
...............# ...
......##.....>.#.#...
........####...#.....
.###.#..## ##..#.....
##....###........#
###....#.........
#..............


You could see an eight-headed hydra and a porcupine.

Vanquished Creatures
  Erica (D:9)
  A two-headed ogre (D:8)
  Pikel (D:4)
  Psyche (D:9)
  A spiny frog (Lair:1)
  A hornet (D:10)
  3 hippogriffs
  Sigmund (D:6)
  3 yaks (Lair:1)
  3 hungry ghosts
  A water moccasin (D:9)
  An ice beast (D:8)
  3 porcupines (Lair:1)
  Purgy (D:4)
  2 orc warriors
  A sky beast (D:9)
  2 phantoms
  A centaur (D:6)
  An ogre (D:5)
  3 crocodiles (Lair:1)
  8 bullfrogs
  A scorpion (D:5)
  20 killer bees
  4 wights
  4 howler monkeys
  4 crimson imps
  A bullfrog zombie (D:10)
  2 jellies
  2 hounds (D:7)
  3 human zombies (Ossuary)
  3 bullfrog skeletons
  4 orc priests
  2 iguanas
  Natasha (thrice) (D:3)
  7 orc wizards
  3 worker ants
  A big kobold zombie (Ossuary)
  A hound zombie (D:7)
  A hound skeleton (D:5)
  4 mummies (Ossuary)
  A worker ant zombie (D:7)
  5 gnolls (D:5)
  7 adders
  A shadow imp (D:5)
  An adder zombie (D:8)
  A worm (D:2)
  11 dart slugs
  5 leopard geckos
  20 orcs
  4 ball pythons
  9 giant cockroaches
  2 gnoll zombies (Ossuary)
  9 goblins
  8 hobgoblins
  10 jackals
  4 quokkas
  7 bats
  9 frilled lizards
  4 goblin zombies (Ossuary)
  A jackal skeleton (D:4)
  A jackal zombie (Ossuary)
  16 kobolds
  A kobold zombie (Ossuary)
  A leopard gecko skeleton (D:5)
  A quokka skeleton (D:5)
  2 rats (D:1)
  5 plants (Sewer)
256 creatures vanquished.

Vanquished Creatures (others)
  2 fungi (Lair:1)
2 creatures vanquished.

Grand Total: 258 creatures vanquished

Notes
Turn   | Place    | Note
-------+----------+-------------------------------------------
     0 | D:1      | Oravi the Tengu Air Elementalist began the quest for the Orb.
     0 | D:1      | Reached XP level 1. HP: 10/10 MP: 4/4
   280 | D:1      | Reached XP level 2. HP: 15/15 MP: 0/6
   282 | D:1      | Reached skill level 2 in Conjurations
   910 | D:2      | Reached XP level 3. HP: 19/19 MP: 4/7
  1771 | D:2      | Reached skill level 1 in Armour
  1771 | D:2      | Reached XP level 4. HP: 24/24 MP: 2/8
  2122 | D:3      | Reached skill level 3 in Conjurations
  2136 | D:3      | Learned a level 2 spell: Swiftness
  2140 | D:3      | Learned a level 3 spell: Static Discharge
  2290 | D:3      | Noticed Natasha
  2365 | D:3      | Found a glowing drain.
  2382 | Sewer    | Entered a sewer
  2418 | Sewer    | Gained mutation: You can fly. [Tengu growth]
  2418 | Sewer    | Reached XP level 5. HP: 28/28 MP: 3/10
  2484 | Sewer    | Reached skill level 5 in Air Magic
  3664 | D:3      | Killed Natasha
  3790 | D:3      | Noticed Natasha
  3804 | D:3      | Killed Natasha
  4460 | D:3      | Noticed Natasha
  4467 | D:3      | Killed Natasha
  4781 | D:4      | Reached XP level 6. HP: 32/32 MP: 9/11
  5305 | D:4      | Reached skill level 4 in Conjurations
  5454 | D:4      | Noticed Pikel
  5720 | D:4      | Noticed Purgy
  6384 | D:5      | Entered Level 5 of the Dungeon
  6441 | D:5      | Found a sand-covered staircase.
  6449 | D:5      | Reached XP level 7. HP: 32/36 MP: 8/13
  6485 | Ossuary  | Entered an ossuary
  7517 | D:5      | Reached skill level 5 in Conjurations
  7915 | D:5      | Reached XP level 8. HP: 41/41 MP: 15/15
  8149 | D:5      | Found an iron altar of Okawaru.
  8251 | D:5      | Found Visud's Book Emporium.
  8634 | D:6      | Found a shadowy altar of Dithmenos.
  8849 | D:6      | Noticed Sigmund
  8873 | D:6      | Killed Sigmund
  8955 | D:6      | Reached skill level 5 in Dodging
  9234 | D:6      | Reached skill level 6 in Conjurations
  9921 | D:7      | Found Reev's Weapon Emporium.
 10018 | D:7      | Found a staircase to the Ecumenical Temple.
 10061 | Temple   | Entered the Ecumenical Temple
 10151 | Temple   | Became a worshipper of Vehumet
 10609 | D:8      | Noticed a two-headed ogre
 10652 | D:7      | Reached skill level 5 in Armour
 10652 | D:7      | Reached skill level 5 in Spellcasting
 10898 | D:8      | Reached skill level 7 in Conjurations
 10905 | D:8      | Reached XP level 9. HP: 35/45 MP: 2/17
 11477 | D:8      | Reached * piety under Vehumet
 11477 | D:8      | Offered knowledge of Magic Dart by Vehumet.
 11513 | D:8      | Reached skill level 1 in Fighting
 11954 | D:8      | Reached skill level 8 in Conjurations
 12466 | D:8      | Killed a two-headed ogre
 12714 | D:9      | Noticed Erolcha
 12815 | D:5      | Bought a book of Flames for 455 gold pieces
 12819 | D:5      | Learned a level 3 spell: Conjure Flame
 12901 | D:4      | Killed Purgy
 12901 | D:4      | Reached XP level 10. HP: 48/58 MP: 15/20
 13082 | D:4      | Killed Pikel
 13082 | D:4      | Reached skill level 5 in Fighting
 13082 | D:4      | Reached skill level 9 in Conjurations
 13805 | D:9      | Noticed Erica
 13821 | D:9      | Killed Erica
 14154 | D:9      | Found a staircase to the Lair.
 14219 | D:9      | Noticed Psyche
 14236 | D:9      | Killed Psyche
 14236 | D:9      | Reached skill level 5 in Fire Magic
 14489 | D:9      | Offered knowledge of Sandblast by Vehumet.
 14745 | D:10     | Entered Level 10 of the Dungeon
 14919 | D:10     | Reached ** piety under Vehumet
 14919 | D:10     | Reached skill level 10 in Conjurations
 14919 | D:10     | Reached XP level 11. HP: 39/67 MP: 22/22
 15312 | D:10     | Got a jewelled rapier
 15313 | D:10     | Identified the +8 rapier "Ceyrph" {elec, Int+3} (You found it on level 10 of the Dungeon)
 15512 | D:10     | Identified a scroll of acquirement
 15513 | D:10     | Got a glittering jade amulet
 15514 | D:10     | Identified the amulet of Biat Puw {RegenMP rElec rF+ SInv} (You acquired it on level 10 of the Dungeon)
 15652 | D:10     | Noticed a fire dragon
 15720 | Lair:1   | Entered Level 1 of the Lair of Beasts
 16494 | Lair:1   | Learned a level 5 spell: Fireball
 16542 | Lair:1   | Noticed an eight-headed hydra
 16550 | Lair:1   | Slain by an eight-headed hydra

Skill      XL: |  1  2  3  4  5  6  7  8  9 10 11 |
---------------+----------------------------------+-----
Conjurations   | 2 3 4 5 7 8 10 | 10.5
Armour         | 1 2 3 5 |  5.7
Air Magic      | 5 6 |  6.0
Dodging        | 3 4 6 |  6.3
Spellcasting   | 3 4 5 6 7 |  7.7
Fighting       | 4 7 |  7.4
Fire Magic     | 5 7 |  7.0
Stealth        | |  2.0

Action                   |  1- 3 |  4- 6 |  7- 9 | 10-12 || total
-------------------------+-------+-------+-------+-------++-------
Melee: Short sword       |    19 |   313 |    23 |       ||   355
       Kick              |     6 |   105 |    16 |    15 ||   142
       Peck              |     1 |    57 |     9 |    15 ||    82
       Dagger            |       |       |    53 |    21 ||    74
       Falchion          |       |       |       |    29 ||    29
       Scimitar          |       |       |       |    22 ||    22
       Rapier            |       |       |       |    24 ||    24
Throw: Stone             |    23 |    29 |    26 |    15 ||    93
 Cast: Shock             |    61 |   147 |   255 |   165 ||   628
       Static Discharge  |       |       |    10 |     1 ||    11
       Conjure Flame     |       |       |       |    14 ||    14
       Fireball          |       |       |       |     3 ||     3
       Swiftness         |       |       |       |     1 ||     1
 Abil: Fly               |       |     1 |       |     2 ||     3
Evoke: Wand              |       |       |     3 |     2 ||     5
  Use: Scroll            |       |    13 |     9 |     5 ||    27
       Potion            |       |       |     3 |     3 ||     6
 Stab: Sleeping          |       |     1 |       |       ||     1
       Paralysed         |       |       |    12 |       ||    12
  Eat: Chunk             |     3 |    16 |    14 |     4 ||    37
       Ration            |       |       |     2 |     4 ||     6
Armor: Robe              |     3 |       |       |       ||     3
       Ring mail         |       |    23 |    68 |    52 ||   143
Dodge: Dodged            |    18 |    43 |   127 |   109 ||   297
       Rpst.: Falchion   |       |       |       |     7 ||     7
       Scimitar          |       |       |       |     4 ||     4
